General information
- name: BNet
- type: Ladder team game (AT/RT)
- host: Battle.net
- saver: www.DaSkeet.com
map: FullScaleAssault
- players: 8
- length: 14:43
- speed: Fast
- version: 1.26 W3XP
- replay type: Public
» download(68 KB)
Players
team 1 (winner)
BlizAnigMoFo (
teal | 31 APM | 453 actions | 14:38)
4 Mountain King
2 Storm Bolt
2 Bash
» actions
| Assign group hotkey | 5 | |
| Basic commands | 24 | |
| Build / train | 43 | |
| Enter build submenu | 23 | |
| Enter hero's abilities submenu | 4 | |
| Give item / drop item | 3 | |
| Right click | 167 | |
| Select / deselect | 154 | |
| Select group hotkey | 2 | |
| Use ability | 28 | |
453 total
» units
| Peasant | 11 | |
| Footman | 9 | |
| Goblin Shredder | 1 | |
| Flying Machine | 6 | |
| Knight | 2 | |
29 total
» upgrades
| Gunpowder | 2 | |
| Flak Cannons | 1 | |
| Animal War Training | 1 | |
| Barrage | 1 | |
5 total
» buildings
| Barracks | 2 | |
| Farm | 9 | |
| Altar of Kings | 1 | |
| Keep | 1 | |
| Arcane Vault | 1 | |
| Lumber Mill | 1 | |
| Town Hall | 4 | |
| Castle | 1 | |
| Blacksmith | 1 | |
| Workshop | 3 | |
24 total
» build order
00:24 Barracks
00:40 Farm
00:52 Altar of Kings
01:17 Farm
02:05 Farm
02:50 Keep
02:55 Farm
03:38 Arcane Vault
03:49 Farm
04:42 Lumber Mill
05:29 Town Hall
05:42 Castle
06:55 Town Hall
07:03 Town Hall
07:38 Blacksmith
08:50 Workshop
08:52 Workshop
08:54 Workshop
10:00 Farm
10:06 Barracks
10:16 Farm
11:08 Farm
11:09 Farm
12:00 Town Hall
» items

»
www.DaSkeet.com (
orange | 41 APM | 603 actions | 14:43)
1 Tauren Chieftain
1 Endurance Aura
» actions
| Assign group hotkey | 10 | |
| Basic commands | 16 | |
| Build / train | 33 | |
| Enter build submenu | 26 | |
| Enter hero's abilities submenu | 1 | |
| Remove unit from queue | 2 | |
| Right click | 233 | |
| Select / deselect | 147 | |
| Select group hotkey | 103 | |
| Use ability | 32 | |
603 total
» units
» upgrades
| Ranged Weapons | 3 | |
| Armor | 1 | |
| Liquid Fire | 2 | |
6 total
» buildings
| Orc Burrow | 5 | |
| Altar of Storms | 1 | |
| War Mill | 1 | |
| Voodoo Lounge | 2 | |
| Stronghold | 1 | |
| Watch Tower | 7 | |
| Beastiary | 4 | |
| Great Hall | 2 | |
| Fortress | 1 | |
24 total
» build order
00:06 Orc Burrow
00:46 Altar of Storms
01:15 War Mill
02:10 Voodoo Lounge
02:14 Voodoo Lounge
02:33 Stronghold
02:43 Watch Tower
02:56 Watch Tower
04:29 Watch Tower
05:09 Beastiary
05:13 Beastiary
05:42 Watch Tower
05:47 Great Hall
05:51 Great Hall
06:13 Beastiary
06:17 Watch Tower
06:21 Orc Burrow
06:59 Watch Tower
08:07 Watch Tower
08:24 Orc Burrow
08:41 Orc Burrow
08:44 Orc Burrow
08:51 Fortress
09:33 Beastiary

»
Candide (
blue | 30 APM | 315 actions | 10:24)
1 Death Knight
1 Death Coil
2 Lich
1 Frost Armor
1 Frost Nova
» actions
| Assign group hotkey | 6 | |
| Basic commands | 4 | |
| Build / train | 26 | |
| ESC pressed | 8 | |
| Enter build submenu | 12 | |
| Enter hero's abilities submenu | 3 | |
| Remove unit from queue | 4 | |
| Right click | 175 | |
| Select / deselect | 60 | |
| Select group hotkey | 4 | |
| Use ability | 13 | |
315 total
» units
| Acolyte | 2 | |
| Ghoul | 3 | |
| Crypt Fiend | 5 | |
10 total
» upgrades
| Creature Attack | 2 | |
| Creature Carapace | 1 | |
| Web | 1 | |
4 total
» buildings
| Altar of Darkness | 1 | |
| Ziggurat | 5 | |
| Tomb of Relics | 1 | |
| Crypt | 1 | |
| Graveyard | 1 | |
| Nerubian Tower | 1 | |
| Halls of the Dead | 1 | |
| Black Citadel | 1 | |
| Sacrificial Pit | 1 | |
13 total
» build order
00:15 Altar of Darkness
00:31 Ziggurat
00:45 Tomb of Relics
01:00 Crypt
02:21 Graveyard
02:26 Ziggurat
02:29 Ziggurat
04:30 Nerubian Tower
04:53 Halls of the Dead
05:00 Ziggurat
08:08 Black Citadel
08:19 Sacrificial Pit
08:28 Ziggurat
scoty_d (
red | 18 APM | 262 actions | 14:38)
3 Blademaster
2 Wind Walk
1 Critical Strike
2 Shadow Hunter
1 Healing Wave
1 Serpent Ward
» actions
| Basic commands | 9 | |
| Build / train | 38 | |
| Enter build submenu | 22 | |
| Enter hero's abilities submenu | 5 | |
| Right click | 63 | |
| Select / deselect | 99 | |
| Use ability | 26 | |
262 total
» units
| Peon | 11 | |
| Grunt | 5 | |
| Wind Rider | 3 | |
| Shaman | 3 | |
22 total
» upgrades
| Shaman Training | 2 | |
| Armor | 1 | |
| Ranged Weapons | 1 | |
| Envenomed Spears | 1 | |
| Reinforced Defenses | 1 | |
6 total
» buildings
| Orc Burrow | 6 | |
| Altar of Storms | 1 | |
| Barracks | 1 | |
| War Mill | 1 | |
| Voodoo Lounge | 1 | |
| Watch Tower | 8 | |
| Stronghold | 1 | |
| Fortress | 1 | |
| Spirit Lodge | 1 | |
| Beastiary | 2 | |
| Great Hall | 1 | |
24 total
» build order
00:11 Orc Burrow
00:16 Altar of Storms
01:13 Barracks
01:46 Orc Burrow
02:07 War Mill
02:46 Voodoo Lounge
03:28 Watch Tower
03:32 Watch Tower
03:54 Orc Burrow
04:18 Stronghold
04:28 Watch Tower
04:44 Orc Burrow
06:41 Fortress
06:48 Spirit Lodge
06:57 Beastiary
07:07 Beastiary
08:17 Orc Burrow
10:16 Orc Burrow
11:07 Great Hall
11:11 Watch Tower
11:19 Watch Tower
12:29 Watch Tower
12:33 Watch Tower
14:01 Watch Tower
» items
team 2 (loser)

»
militarush (
pink | 57 APM | 834 actions | 14:38)
1 Priestess of the Moon
1 Trueshot Aura
1 Archmage
1 Summon Water Elemental
1 Death Knight
1 Unholy Aura
» actions
| Assign group hotkey | 10 | |
| Basic commands | 141 | |
| Build / train | 27 | |
| Enter build submenu | 11 | |
| Enter hero's abilities submenu | 4 | |
| Right click | 336 | |
| Select / deselect | 182 | |
| Select group hotkey | 84 | |
| Use ability | 39 | |
834 total
» units
| Wisp | 12 | |
| Archer | 2 | |
| Peasant | 4 | |
| Footman | 4 | |
22 total
» buildings
| Altar of Elders | 1 | |
| Ancient of War | 4 | |
| Moon Well | 3 | |
| Barracks | 2 | |
| Blacksmith | 1 | |
11 total
» build order
00:32 Altar of Elders
00:59 Ancient of War
01:26 Moon Well
01:40 Moon Well
01:59 Moon Well
02:37 Barracks
02:43 Barracks
03:43 Ancient of War
03:46 Ancient of War
03:52 Ancient of War
04:08 Blacksmith
timboslice (
green | 18 APM | 51 actions | 02:47)
» actions
| Build / train | 6 | |
| Enter build submenu | 6 | |
| Right click | 11 | |
| Select / deselect | 22 | |
| Use ability | 6 | |
51 total
» units
» buildings
| Ziggurat | 2 | |
| Altar of Darkness | 1 | |
| Crypt | 1 | |
| Barracks | 1 | |
| Graveyard | 1 | |
6 total
» build order
00:08 Ziggurat
00:10 Altar of Darkness
00:50 Crypt
01:01 Ziggurat
01:38 Barracks
01:56 Graveyard

»
Enigmaticus (
purple | 47 APM | 688 actions | 14:38)
1 Blood Mage
1 Flame Strike
» actions
| Assign group hotkey | 6 | |
| Basic commands | 393 | |
| Build / train | 30 | |
| Enter build submenu | 9 | |
| Enter hero's abilities submenu | 2 | |
| Remove unit from queue | 8 | |
| Right click | 63 | |
| Select / deselect | 134 | |
| Select group hotkey | 9 | |
| Use ability | 34 | |
688 total
» units
» upgrades
» buildings
| Altar of Kings | 1 | |
| Barracks | 1 | |
| Farm | 5 | |
| Necropolis | 1 | |
8 total
» build order
00:09 Altar of Kings
00:22 Barracks
00:38 Farm
00:51 Farm
03:59 Necropolis
06:42 Farm
06:45 Farm
06:46 Farm
Newbs. (
yellow | 22 APM | 32 actions | 01:27)
» actions
| Build / train | 6 | |
| Enter build submenu | 4 | |
| Right click | 5 | |
| Select / deselect | 12 | |
| Use ability | 5 | |
32 total
» units
» buildings
| Altar of Kings | 1 | |
| Farm | 2 | |
| Lumber Mill | 1 | |
4 total
» build order
00:28 Altar of Kings
00:42 Farm
00:59 Lumber Mill
01:21 Farm
Chat log
(00:09 / All) www.DaSkeet.com: lol
(00:14 / All) www.DaSkeet.com: timbo slice is a noob faggot ass bitch nigger
(00:17 / All) Enigmaticus: more work?!?!?
(00:24 / All) timboslice: cockboy!
(00:24 / All) Enigmaticus: tk him
(00:30 / All) www.DaSkeet.com: it really sucks you got militia rush on ur team too
(00:35 / All) www.DaSkeet.com: timboslice backstabbed me
(00:45 / All) timboslice: dude how can i be like you
(00:50 / All) www.DaSkeet.com: because i called him a nigger
(00:54 / All) timboslice: you are so cool
(00:57 / All) www.DaSkeet.com: plz backstab him
(01:01 / All) www.DaSkeet.com: noone likes u dud
(01:26 / All) www.DaSkeet.com: somoene backstab green
(01:30 / All) www.DaSkeet.com: LOL
(01:31 / All) www.DaSkeet.com: LMFAO
(01:42 / All) www.DaSkeet.com: GG NOOBS
(01:48 / All) Enigmaticus: stfu we own u
(01:49 / All) www.DaSkeet.com: they gon try to mass rush now
(01:51 / All) www.DaSkeet.com: mass towers
(01:58 / All) www.DaSkeet.com: COME AT ME NIGGERS
(02:04 / Allies) BlizAnigMoFo: or just get units...
(02:08 / All) Enigmaticus: we will!
(02:21 / All) www.DaSkeet.com: DUD NOONE LIKES U KID
(02:24 / All) www.DaSkeet.com: TIMBO SLICE
(02:31 / All) BlizAnigMoFo: yeah noone likes u bro
(02:36 / Allies) BlizAnigMoFo: get some friends
(02:46 / All) www.DaSkeet.com: TIMBO IS MY BEST FRIEND
(02:51 / All) www.DaSkeet.com: LAWL BITCH
(02:52 / All) BlizAnigMoFo: HAHAHA
(02:53 / All) BlizAnigMoFo: HAHAHA
(02:53 / All) Enigmaticus: i tked him :)
(02:56 / All) BlizAnigMoFo: hahaha
(02:58 / All) www.DaSkeet.com: thank you purp
(03:00 / All) www.DaSkeet.com: i love you bro
(03:02 / All) www.DaSkeet.com: i will watch replay
(03:05 / All) BlizAnigMoFo: wow
(03:15 / All) Enigmaticus: lol
(03:20 / All) Enigmaticus: i militia tp to him
(03:22 / All) www.DaSkeet.com: wait
(03:32 / All) Enigmaticus: now i dont know what to do
(04:03 / All) www.DaSkeet.com: guys lets cc
(04:10 / All) www.DaSkeet.com: lets make this game enjoyable k?
(06:25 / Allies) www.DaSkeet.com: wood plz
(06:35 / Allies) www.DaSkeet.com: ty bro
(06:37 / Allies) BlizAnigMoFo: dude fuck u
(06:39 / Allies) www.DaSkeet.com: dude
(06:41 / Allies) www.DaSkeet.com: let me have it
(06:42 / Allies) www.DaSkeet.com: ffs
(06:43 / Allies) Candide: oj is tking
(06:44 / Allies) www.DaSkeet.com: if u kill me
(06:46 / Allies) www.DaSkeet.com: i'm gona fuck u up
(06:48 / Allies) www.DaSkeet.com: i need gold
(06:49 / All) www.DaSkeet.com: DUDE
(06:50 / All) www.DaSkeet.com: TEAL
(06:50 / All) www.DaSkeet.com: WTF
(06:52 / All) www.DaSkeet.com: HE JUS KILELD ME
(06:57 / All) Enigmaticus: no way
(06:58 / Allies) BlizAnigMoFo: u killed me
(07:00 / All) Candide: omg.... Oj is tking...
(07:03 / Allies) www.DaSkeet.com: i jus wanted ur fucking mine
(07:04 / All) www.DaSkeet.com: ffs
(07:11 / All) www.DaSkeet.com: i jus wanted ur fucking mine u fag
(07:13 / Allies) BlizAnigMoFo: u fucking killed me
(07:18 / All) www.DaSkeet.com: u stole my mine
(07:22 / All) www.DaSkeet.com: u fagtard
(07:25 / Allies) BlizAnigMoFo: wtf r u talking about
(07:30 / All) www.DaSkeet.com: dude ur so gay
(07:34 / All) www.DaSkeet.com: teal
(07:35 / All) Candide: gg..
(07:36 / All) www.DaSkeet.com: fuck you man
(07:38 / All) Candide: oj is tking
(07:41 / All) www.DaSkeet.com: im not
(07:51 / All) militarush: who's fucked now?!?
(07:51 / All) www.DaSkeet.com: dude teal fucking jew
(07:53 / All) Candide: 100 % chance u will
(07:56 / All) www.DaSkeet.com: you fucking raped my hall
(08:07 / Allies) BlizAnigMoFo: cuz u kill mine...
(08:08 / Allies) scoty_d: whats going on?
(08:27 / All) www.DaSkeet.com: militia rush is mother fucking gay
(08:33 / All) www.DaSkeet.com: i hate that kid
(08:40 / Allies) BlizAnigMoFo: wtf r u talking about
(08:49 / All) www.DaSkeet.com: teal fuck you
(08:49 / All) militarush: shut up fatty
(08:57 / All) www.DaSkeet.com: wood me and i'l'l forget about this
(08:57 / All) militarush: im here to win this shit
(09:03 / All) www.DaSkeet.com: you actually killed my peon
(09:06 / All) www.DaSkeet.com: you fucking tard
(09:09 / All) www.DaSkeet.com: fine
(09:18 / All) www.DaSkeet.com: you spilt blood bro
(09:26 / All) www.DaSkeet.com: pay me 500 gold and i'll forget about this forever.
(09:33 / Allies) scoty_d: uh o
(09:34 / Allies) BlizAnigMoFo: u have more gold then me
(09:35 / Allies) BlizAnigMoFo: haha
(09:37 / Allies) Candide: he is going to tk nyway
(09:38 / All) www.DaSkeet.com: i have 120
(09:47 / All) www.DaSkeet.com: blue why are u so cynical dude
(10:27 / Allies) scoty_d: damnit
(10:40 / Allies) BlizAnigMoFo: frost fiends
(10:42 / Allies) scoty_d: k
(11:32 / Allies) scoty_d: ??????
(11:33 / Allies) BlizAnigMoFo: wow he is tking me
(11:42 / All) www.DaSkeet.com: dude stop
(11:44 / Allies) BlizAnigMoFo: wow
(11:47 / Allies) scoty_d: come on
(12:01 / All) www.DaSkeet.com: teal
(12:04 / All) www.DaSkeet.com: you missed me off too much
(12:05 / Allies) BlizAnigMoFo: what
(12:17 / Allies) BlizAnigMoFo: i gave u wood and gold
(12:19 / All) www.DaSkeet.com: you didnt pay me 500 gold
(12:22 / Allies) scoty_d: should we just go hit
(12:23 / All) www.DaSkeet.com: you fucking liar
(12:28 / Allies) BlizAnigMoFo: now i cant get anything
(12:34 / Allies) BlizAnigMoFo: wow
(12:52 / Allies) scoty_d: stop guys
(12:55 / All) scoty_d: what the hell
(12:55 / All) www.DaSkeet.com: he started this
(13:00 / All) www.DaSkeet.com: he killed my peon
(13:02 / All) www.DaSkeet.com: he spilt blood
(13:15 / Allies) scoty_d: this didint need to happen
(13:20 / All) www.DaSkeet.com: nigger gtfo
(13:21 / Allies) BlizAnigMoFo: well im out
(13:25 / All) www.DaSkeet.com: LOL
(13:27 / All) www.DaSkeet.com: teals leaving
(13:38 / Allies) scoty_d: lumber?
(14:10 / Allies) BlizAnigMoFo: use towers
(14:13 / All) www.DaSkeet.com: nigger red u started this
(14:13 / All) Enigmaticus: gg
(14:14 / All) Enigmaticus: LOL